 Dungeon Crawl Stone Soup version 0.22-a0-265-g0d8bc90 (webtiles) character file.

2144 Amnesiac the Prestidigitator (level 9, 0/44 (45) HPs)
             Began as a Spriggan Fighter on Mar 6, 2018.
             Was an Initiate of Gozag.
             Slain by Thaneod's ghost (27 damage)
             ... on level 8 of the Dungeon.
             The game lasted 00:21:02 (8288 turns).

Amnesiac the Prestidigitator (Spriggan Fighter)     Turns: 8288, Time: 00:21:04

HP:   0/44 (45)     AC:  2    Str: 15    XL:     9   Next: 9%
MP:   10/16         EV: 22    Int:  9    God:    Gozag
Gold: 712           SH: 10    Dex: 16    Spells: 8/8 levels left

rFire    + . .     SeeInvis +   a - +1 short sword (drain)
rCold    . . .     Gourm    .   n - +1 buckler {rF+}
rNeg     . . .     Faith    .   h - +0 robe
rPois    .         Spirit   .   (helmet restricted)
rElec    .         Reflect  +   (no cloak)
rCorr    .         Harm     .   (gloves unavailable)
MR       +....                  (boots unavailable)
Stlth    +.........             H - +2 amulet of reflection
HPRegen  0.14/turn              E - ring of flight
MPRegen  0.15/turn              (no ring)

@: gold aura, very quick
A: very small, unfitting armour, see invisible, herbivore, speed 3, slow
metabolism 2
a: Potion Petition, Call Merchant, Bribe Branch, Renounce Religion, Evoke Flight


You were on level 8 of the Dungeon.
You worshipped Gozag.
Gozag was pleased with you.
You were not hungry.

You visited 2 branches of the dungeon, and saw 9 of its levels.
You also visited: Sewer.

You collected 1135 gold pieces.
You spent 342 gold pieces at shops.
You paid 81 gold pieces to Gozag.

Inventory:

Hand Weapons
 a - a +1 short sword of draining (weapon)
 b - a +0 long sword
 t - a +0 hand crossbow
Missiles
 u - 23 bolts
 D - 16 poisoned needles
Armour
 h - a +0 robe (worn)
 n - a +1 buckler of fire resistance (worn)
Jewellery
 q - an uncursed amulet of regeneration
 E - a ring of flight (left hand)
 H - a +2 amulet of reflection (around neck)
Wands
 m - a wand of polymorph (22)
 v - a wand of iceblast (5)
 B - a wand of random effects (14)
 I - a wand of acid (9)
 L - a wand of digging (7)
Scrolls
 c - a scroll of identify {!r}
 g - 4 scrolls of teleportation {!r}
 l - 4 scrolls of remove curse {!r}
 s - 2 scrolls of amnesia {!r}
 x - a scroll of enchant weapon {!r}
 y - 2 scrolls of fog {!r}
 K - a scroll of magic mapping {!r}
Potions
 d - 2 potions of degeneration {!q, unknown}
 e - a potion of cancellation {!q, unknown}
 i - a potion of agility {!q, unknown}
 j - 2 potions of heal wounds {!q, unknown}
 k - a potion of might {!q}
 p - a potion of lignification {!q, unknown}
 r - 2 potions of flight {!q, unknown}
 w - a potion of brilliance {!q, unknown}
 z - 2 potions of haste {!q}
 A - 4 potions of curing {!q, unknown}
 G - 3 potions of resistance {!q}
Comestibles
 f - 14 rations


   Skills:
 - Level 4.0 Fighting
 + Level 6.1 Long Blades
 - Level 7.0 Dodging
 - Level 3.6 Shields
 - Level 9.1 Evocations


You had 8 spell levels left.
You didn't know any spells.

Dungeon Overview and Level Annotations

Branches:
Dungeon (8/15)             Temple (1/1) D:5
   Lair: D:8-11

Altars:
Cheibriados
Dithmenos
Elyvilon
Fedhas
Gozag
Kikubaaqudgha
Makhleb
Nemelex Xobeh
Okawaru
Qazlal
Sif Muna
Trog
Uskayaw
Vehumet
Wu Jian
Xom
Yredelemnul
Zin
The Shining One

Shops:
D:6 *

Annotations:
D:8 Thaneod's ghost, novice DsBe


Innate Abilities, Weirdness & Mutations

You are very small and have problems with some larger weapons.
You are too small for most types of armour.
You have supernaturally acute eyesight. (SInv)
You are a herbivore.
You cover ground extremely quickly.
You need to consume almost no food.


Message History

You closely miss Thaneod's ghost.
Thaneod's ghost is moderately damaged.
Thaneod's ghost barely misses you.
You hit Thaneod's ghost but do no damage.
Thaneod's ghost is moderately damaged.
Thaneod's ghost barely misses you.
You barely miss Thaneod's ghost.
Thaneod's ghost is moderately damaged.
You block Thaneod's ghost's attack. The shadow imp misses you.
Thaneod's ghost whispers, "Trust me.
Just give in."
The shadow imp picks up a beetle and eats it.
Evoke which item? (* to show all) (? for menu, Esc to quit)
Aiming: Corrosive Bolt
Press: ? - help, Shift-Dir - straight line, f/p - Thaneod's ghost
Aim: Thaneod's ghost, wielding an antimagic weapon (moderately damaged, covered in acid)
The bolt of acid misses Thaneod's ghost.
Thaneod's ghost is no longer covered in acid.
There is a stone staircase leading down here.
Evoke which item? (* to show all) (? for menu, Esc to quit)
Aiming: Corrosive Bolt
Press: ? - help, Shift-Dir - straight line, f - shadow imp, p - Thaneod's ghost
Aim: a shadow imp The bolt of acid hits Thaneod's ghost.
Thaneod's ghost is splashed with acid.
The acid corrodes Thaneod's ghost!
Thaneod's ghost is heavily damaged.
The bolt of acid misses the shadow imp.
Evoke which item? (* to show all) (? for menu, Esc to quit)
Aiming: Corrosive Bolt
Press: ? - help, Shift-Dir - straight line, f/p - shadow imp
Aim: a shadow imp The bolt of acid misses Thaneod's ghost.
The bolt of acid hits the shadow imp.
The shadow imp is splashed with acid.
You kill the shadow imp!
Thaneod's ghost screams, "You will never get the ORB!"
Evoke which item? (* to show all) (? for menu, Esc to quit)
Aiming: Corrosive Bolt
Press: ? - help, Shift-Dir - straight line, f - Thaneod's ghost
Aim: Thaneod's ghost, wielding an antimagic weapon (moderately damaged, covered in acid)
The bolt of acid hits Thaneod's ghost.
Thaneod's ghost is splashed with acid.
The acid corrodes Thaneod's ghost!
Thaneod's ghost is severely damaged.
Evoke which item? (* to show all) (? for menu, Esc to quit)
Aiming: Corrosive Bolt
Press: ? - help, Shift-Dir - straight line, f/p - Thaneod's ghost
Aim: Thaneod's ghost, wielding an antimagic weapon (severely damaged, covered in acid)
The bolt of acid misses Thaneod's ghost.
Evoke which item? (* to show all) (? for menu, Esc to quit)
Aiming: Corrosive Bolt
Press: ? - help, Shift-Dir - straight line, f/p - Thaneod's ghost
Aim: Thaneod's ghost, wielding an antimagic weapon (severely damaged, covered in acid)
The bolt of acid hits Thaneod's ghost.
Thaneod's ghost is splashed with acid.
The acid corrodes Thaneod's ghost!
Thaneod's ghost is almost destroyed.
Thaneod's ghost hits you!
You feel your power leaking away.
You closely miss Thaneod's ghost.
Thaneod's ghost is almost destroyed.
You block Thaneod's ghost's attack.
You hit Thaneod's ghost.
Thaneod's ghost is almost destroyed.
Thaneod's ghost hits you!!
Ouch! That really hurt!
You die...
Your body crumbles into a pile of gold.

......... ..## ....?...#
####..## ...#.........#...
.......#.##...##### ... .#
#...?............ .....
...#....####...### ##....
#...............## #....
#................###..#
..#####......@...#..#...####
#.......#.....W.(.>$.......#
#...............#........#
#####...........#........#
##........#.#........#
##.##.##............#
####.##.####..........###
#.........####..........#
#.........# #.......<..#


You could see Thaneod's ghost.

Vanquished Creatures
  A phantom (D:7)
  An orc warrior (D:7)
  An ice beast (D:7)
  An ogre (D:6)
  A necrophage (D:7)
  2 crocodiles
  A centaur (D:6)
  Blork the orc (D:4)
  A bullfrog (D:6)
  5 scorpions
  A howler monkey (D:6)
  A centaur zombie (D:7)
  A quasit (D:5)
  2 hounds
  2 jellies
  3 orc priests
  Jessica (D:2)
  5 orc wizards
  8 worker ants
  Natasha (thrice) (D:2)
  A statue (D:7)
  3 gnolls
  11 adders
  2 river rats (D:5)
  4 shadow imps
  3 oozes
  An adder skeleton (D:7)
  3 worms
  A dart slug (D:3)
  3 leopard geckos
  25 orcs
  11 bats
  2 giant cockroaches
  4 goblins
  8 hobgoblins
  4 jackals
  4 quokkas
  7 frilled lizards
  10 kobolds
  A leopard gecko skeleton (D:4)
  10 rats
160 creatures vanquished.

Notes
Turn   | Place    | Note
-------+----------+-------------------------------------------
     0 | D:1      | Amnesiac the Spriggan Fighter began the quest for the Orb.
     0 | D:1      | Reached XP level 1. HP: 11/11 MP: 2/2
   106 | D:2      | Noticed Natasha
   111 | D:2      | Noticed a crimson imp
   115 | D:2      | Killed Natasha
   115 | D:2      | Reached XP level 2. HP: 13/16 MP: 3/3
   115 | D:2      | Reached XP level 3. HP: 16/19 MP: 4/4
   145 | D:3      | Reached XP level 4. HP: 16/23 MP: 5/5
   302 | D:4      | Reached XP level 5. HP: 15/27 MP: 6/6
   784 | D:4      | Reached skill level 5 in Dodging
  1231 | D:3      | HP: 1/28 [poisoned by an orc]
  1252 | D:4      | Noticed Blork the orc
  1607 | D:4      | Reached XP level 6. HP: 32/32 MP: 7/7
  1862 | D:5      | Entered Level 5 of the Dungeon
  1942 | D:5      | Reached skill level 5 in Long Blades
  2037 | D:5      | Found a burning altar of Makhleb.
  2105 | D:5      | Found a staircase to the Ecumenical Temple.
  2111 | Temple   | Entered the Ecumenical Temple
  2164 | Temple   | Became a worshipper of Gozag Ym Sagoz the Greedy
  2280 | D:5      | Reached XP level 7. HP: 9/36 MP: 8/8
  2317 | D:5      | Found a glowing drain.
  2324 | Sewer    | Entered a sewer
  2977 | D:5      | Found a white marble altar of Elyvilon.
  3254 | D:2      | Noticed Natasha
  3546 | D:4      | Killed Blork the orc
  3962 | D:2      | Killed Natasha
  4106 | D:2      | Noticed Natasha
  4115 | D:2      | Killed Natasha
  4330 | D:2      | Noticed Jessica
  4345 | D:2      | Killed Jessica
  4476 | D:1      | Reached XP level 8. HP: 42/42 MP: 9/9
  5234 | D:3      | Found a snail-covered altar of Cheibriados.
  5234 | D:3      | Found a deep blue altar of Sif Muna.
  5494 | D:3      | Found a transporter.
  5537 | D:3      | Found a transporter.
  5755 | D:3      | Reached skill level 1 in Evocations
  6218 | D:6      | Got a transparent flail
  6245 | D:6      | Reached skill level 2 in Evocations
  6323 | D:6      | Reached skill level 3 in Evocations
  6527 | D:6      | Found a blossoming altar of Fedhas.
  6671 | D:6      | Reached skill level 4 in Evocations
  6688 | D:6      | Found Botukyops's General Store.
  6694 | D:6      | Bought a scroll of teleportation for 36 gold pieces
  6694 | D:6      | Bought a scroll of magic mapping for 42 gold pieces
  6694 | D:6      | Bought a wand of digging (7) for 264 gold pieces
  6713 | D:6      | Reached skill level 5 in Evocations
  6935 | D:7      | Identified the +10 flail "Cacloes" {flame, Str-4 Int+4 Stlth+} (You found it on level 6 of the Dungeon)
  6956 | D:7      | Reached skill level 6 in Evocations
  7195 | D:7      | Reached skill level 7 in Evocations
  7283 | D:7      | Found a radiant altar of Vehumet.
  7357 | D:7      | Reached skill level 8 in Evocations
  7913 | D:7      | Found a bloodstained altar of Trog.
  8114 | D:7      | Found a deep blue altar of Sif Muna.
  8125 | D:7      | Reached skill level 9 in Evocations
  8131 | D:7      | Reached XP level 9. HP: 32/44 MP: 16/16
  8250 | D:8      | Noticed Thaneod's ghost (novice DsBe)
  8288 | D:8      | Slain by Thaneod's ghost

Vault maps used:
D:1:      sevenhm_arrival_forest_fort_small_6, serial_park_tiny_1
D:2:      uniq_jessica, uniq_natasha
D:3:      gammafunk_wand_slinger, chequers_temple_overflow_statue_of_worship,
          first_ration
D:4:      old_forge, uniq_blork_the_orc
D:5:      old_standard_altar, bloody_makhleb, minmay_temple_entry_overgrown,
          lightli_sewer_entry_pipes
D:6:      serial_shops, nicolae_shop_behind_doors, grunt_decor_arrowhead,
          grunt_decor_mini_mirrors, fedhas_altar_4
D:7:      kennysheep_orc_sif_temple, vehumet_statue, lemuel_crystal_altar
D:8:      uniq_psyche
Temple:   regret_index_temple_waves
Sewer:    sewer_the_crocodile

Skill      XL: |  1  2  3  4  5  6  7  8  9 |
---------------+----------------------------+-----
Long Blades    | 2 3 4 5 6 |  6.1
Dodging        | 5 6 7 |  7.0
Fighting       | 3 4 |  4.0
Shields        | 3 |  3.6
Evocations     | 9 |  9.1

Action                   |  1- 3 |  4- 6 |  7- 9 || total
-------------------------+-------+-------+-------++-------
Melee: Long sword        |     9 |    17 |    19 ||    45
       Short sword       |    10 |   188 |   538 ||   736
 Abil: Evoke Flight      |       |       |     1 ||     1
Evoke: Wand              |       |       |    15 ||    15
  Use: Scroll            |     1 |       |     8 ||     9
       Potion            |     1 |       |       ||     1
 Stab: Sleeping          |       |     2 |     6 ||     8
  Eat: Ration            |       |       |     5 ||     5
Armor: Robe              |       |     8 |    19 ||    27
Dodge: Dodged            |    16 |   122 |   303 ||   441
Block: Buckler           |     4 |    54 |   171 ||   229
       Rpst.: Long sword |       |     3 |     2 ||     5

Table legend:
 A = Spawn XP
 B = Non-spawn XP
 C = Spawn XP percentage of total XP
 D = Spawn monster count
 E = Non-spawn monster count
 F = Spawn count percentage of total count
 G = Total turns spent on level
                    A         B        C        D         E        F      G
               +---------+---------+-------+---------+---------+-------+---------
         Total |       0 |    3064 |   0.0 |       0 |     160 |   0.0 |  8288
               +---------+---------+-------+---------+---------+-------+---------
           D:1 |       0 |      21 |   0.0 |       0 |      13 |   0.0 |   759
           D:2 |       0 |     226 |   0.0 |       0 |      23 |   0.0 |   495
           D:3 |       0 |     324 |   0.0 |       0 |      35 |   0.0 |  1777
           D:4 |       0 |     667 |   0.0 |       0 |      32 |   0.0 |  1758
           D:5 |       0 |     213 |   0.0 |       0 |      16 |   0.0 |   979
           D:6 |       0 |     446 |   0.0 |       0 |       9 |   0.0 |   697
           D:7 |       0 |     855 |   0.0 |       0 |      22 |   0.0 |  1295
           D:8 |       0 |     196 |   0.0 |       0 |       4 |   0.0 |    95
         Sewer |       0 |     116 |   0.0 |       0 |       6 |   0.0 |   332
               +---------+---------+-------+---------+---------+-------+---------
